 Dungeon Crawl Stone Soup version 0.29-a0-369-gd956c00756 (webtiles) character file.

Game seed: 4397574748104466356

180843 pokeman the Sorcerer (level 17, -6/97 HPs)
             Began as a Deep Elf Hedge Wizard on May 1, 2022.
             Was the Champion of Vehumet.
             Mangled by an emperor scorpion (17 damage)
             ... on level 4 of the Spider Nest on May 2, 2022.
             The game lasted 02:18:43 (41342 turns).

pokeman the Sorcerer (Deep Elf Hedge Wizard)       Turns: 41342, Time: 02:18:43

Health: -6/97      AC: 13    Str:  7    XL:     17   Next: 65%
Magic:  57/57      EV: 11    Int: 39    God:    Vehumet [******]
Gold:   3103       SH: 10    Dex: 12    Spells: 12/67 levels left

rFire   + + .      SeeInvis +   i - staff of poison
rCold   + . .      Faith    .   S - +0 buckler
rNeg    . . .      Spirit   .   x - +0 troll leather armour
rPois   +          Reflect  +   N - +1 helmet {SInv}
rElec   +          Harm     .   I - +1 cloak {rF+}
rCorr   .          Rampage  .   O - +1 pair of gloves of Apathy {rF+ Int+5}
Will    ++++.                   p - +0 pair of boots
Stlth   +++.......              K - amulet "Tumy" {Reflect rC+ Dex+3 SH+5}
HPRegen 1.06/turn               k - ring "Pegheit" {rElec Will+++ Int+6 Dex-5 Stlth+}
MPRegen 0.35/turn               C - ring of magical power

@: lethally poisoned (-6 -> -40)
A: no striking features
a: Renounce Religion


You were on level 4 of the Spider Nest.
You worshipped Vehumet.
Vehumet was exalted by your worship.
You visited 6 branches of the dungeon, and saw 30 of its levels.
You also visited: Sewer, Bailey, Gauntlet, Ice Cave and Volcano.

You collected 4082 gold pieces.
You spent 979 gold pieces at shops.

Inventory:

Hand Weapons
 o - the +11 hunting sling "Roshyplimo" {flame, rC+}
   (You found it on level 2 of the Dungeon)

   Any ammunition fired from it burns those it strikes, dealing additional fire
   damage.
   rC:        It protects you from cold.
 L - a +2 longbow of freezing
Armour
 b - a scarf of invisibility
 p - a +0 pair of boots (worn)
 x - a +0 troll leather armour (worn)
 I - a +1 cloak of fire resistance (worn)
 N - a +1 helmet of see invisible (worn)
 O - the +1 pair of gloves of Apathy (worn) {rF+ Int+5}
   (You found it in a bailey)

   Int:       It affects your intelligence (+5).
   rF:        It protects you from fire.
 S - a +0 buckler (worn)
Magical Staves
 i - a staff of poison (weapon)
 M - a staff of conjuration
Jewellery
 j - a ring of poison resistance
 k - the ring "Pegheit" (left hand) {rElec Will+++ Int+6 Dex-5 Stlth+}
   (You found it in a Gauntlet)

   [ring of intelligence]

   Int:       It affects your intelligence (+6).
   Dex:       It affects your dexterity (-5).
   rElec:     It insulates you from electricity.
   Will:      It greatly increases your willpower.
   Stlth:     It makes you more stealthy.
 s - a ring of protection from cold
 C - a ring of magical power (right hand)
 H - a ring of flight
 K - the amulet "Tumy" (around neck) {Reflect rC+ Dex+3 SH+5}
   (You found it in an ice cave)

   [amulet of reflection]

   It reflects blocked missile attacks.
   Dex:       It affects your dexterity (+3).
   rC:        It protects you from cold.
   SH:        It affects your SH (+5).
Wands
 e - a wand of mindburst (3)
 l - a wand of polymorph (4)
 q - a wand of digging (2)
Scrolls
 a - 19 scrolls of teleportation
 g - 5 scrolls of magic mapping
 m - 3 scrolls of fog
 r - a scroll of summoning
 w - a scroll of enchant armour
 A - a scroll of fear
 E - 9 scrolls of blinking
 G - 19 scrolls of identify
Potions
 c - a potion of invisibility
 d - 4 potions of magic
 f - 3 potions of might
 h - a potion of flight
 n - 12 potions of heal wounds
 t - 8 potions of haste
 v - 13 potions of curing
Miscellaneous
 u - a condenser vane
 W - a piece from Xom's chessboard (15/15)


   Skills:
 - Level 8.0 Fighting
 + Level 7.9 Armour
 - Level 3.0 Dodging
 - Level 3.0 Stealth
 - Level 5.1 Shields
 * Level 25.7 Spellcasting
 + Level 16.5 Conjurations
 - Level 10.2 Summonings
 - Level 11.0 Necromancy
 - Level 2.0 Translocations
 + Level 7.2 Fire Magic
 - Level 1.3 Ice Magic
 - Level 1.0 Air Magic
 - Level 1.0 Earth Magic
 - Level 1.1 Poison Magic
 - Level 1.0 Evocations


You had 12 spell levels left.
You knew the following spells:

 Your Spells              Type           Power      Damage    Failure   Level
a - Magic Dart            Conj           100%       1d8       0%          1
b - Mephitic Cloud        Conj/Pois/Air  99%        N/A       1%          3
c - Call Imp              Summ           92%        N/A       0%          2
d - Blink                 Tloc           100%       N/A       1%          2
e - Conjure Flame         Conj/Fire      97%        6-21      0%          3
f - Fireball              Conj/Fire      48%        3d19      1%          5
g - Stone Arrow           Conj/Erth      100%       3d13      1%          3
h - Swiftness             Air            55%        N/A       1%          3
i - Lightning Bolt        Conj/Air       43%        1d63      1%          5
j - Haunt                 Necr/Summ      46%        N/A       7%          7
k - Freezing Cloud        Conj/Ice/Air   39%        6-21      1%          5
l - Orb of Destruction    Conj           54%        9d14      1%          7
m - Fire Storm            Conj/Fire      48%        8d12      75%         9

Your spell library contained the following spells:

 Spells                   Type           Power      Damage    Failure   Level
 Ignition                 Fire           41%        3d12      50%         8
 Shatter                  Erth           27%        3d23*     100%        9
 Animate Skeleton         Necr           100%       N/A       0%          1
 Pain                     Necr           100%       1d9       0%          1
 Sublimation of Blood     Necr           94%        N/A       0%          2
 Iskenderun's Battlesphe  Conj           100%       2d15      0%          5
 Sandblast                Erth           100%       2d20      1%          1
 Slow                     Hex            100%       N/A       1%          1
 Corpse Rot               Necr/Air       100%       N/A       1%          2
 Ensorcelled Hibernation  Hex/Ice        100%       N/A       1%          2
 Passwall                 Tmut/Erth      44%        N/A       1%          2
 Poisonous Vapours        Pois/Air       100%       N/A       1%          2
 Static Discharge         Conj/Air       87%        N/A       1%          2
 Confusing Touch          Hex            50%        N/A       1%          3
 Gell's Gravitas          Tloc           60%        N/A       1%          3
 Lesser Beckoning         Tloc           60%        N/A       1%          3
 Portal Projectile        Hex/Tloc       100%       N/A       1%          3
 Spider Form              Tmut/Pois      69%        N/A       1%          3
 Teleport Other           Tloc           60%        N/A       1%          3
 Tukima's Dance           Hex            50%        N/A       1%          3
 Vampiric Draining        Necr           94%        2d12      1%          3
 Anguish                  Hex/Necr       37%        N/A       1%          4
 Animate Dead             Necr           47%        N/A       1%          4
 Fulminant Prism          Conj/Hex       43%        3d20      1%          4
 Iskenderun's Mystic Bla  Conj/Tloc      89%        2d17      1%          4
 Summon Ice Beast         Ice/Summ       77%        N/A       1%          4
 Summon Lightning Spire   Summ/Air       76%        N/A       1%          4
 Excruciating Wounds      Necr           47%        N/A       1%          5
 Irradiate                Conj/Tmut      43%        3d27      1%          5
 Iron Shot                Conj/Erth      43%        9d8       1%          6
 Spellforged Servitor     Conj/Summ      50%        N/A       1%          7
 Lee's Rapid Deconstruct  Erth           27%        3d16*     3%          5
 Petrify                  Tmut/Erth      53%        N/A       5%          4
 Yara's Violent Unravell  Hex/Tmut       25%        3d11      5%          5
 Manifold Assault         Tloc           60%        N/A       8%          5
 Metabolic Englaciation   Hex/Ice        26%        N/A       14%         5
 Blade Hands              Tmut           25%        N/A       19%         5
 Dispersal                Tloc           30%        N/A       41%         6
 Infestation              Necr           47%        N/A       43%         8
 Statue Form              Tmut/Erth      35%        N/A       63%         6
 Enfeeble                 Hex            25%        N/A       99%         7
 Storm Form               Tmut/Air       26%        N/A       99%         7
 Maxwell's Capacitive Co  Air            27%        ∞         99%         8
 Disjunction              Tloc           30%        N/A       100%        8


Dungeon Overview and Level Annotations

Branches:
Dungeon (15/15)            Temple (1/1) D:5            Lair (6/6) D:8
 Shoals (0/4) Lair:4       Spider (4/4) Lair:3        Slime (0/5) Lair:5
    Orc (2/2) D:9             Elf (2/3) Orc:2        Vaults (0/5) D:13
 Depths (0/4) D:15          Sewer (visited)          Bailey (visited)
  IceCv (visited)         Volcano (visited)         Gauntlet (visited)

Altars:
Cheibriados
Elyvilon
Fedhas
Kikubaaqudgha
Nemelex Xobeh
Okawaru
Ru
Sif Muna
Uskayaw
Vehumet
Yredelemnul
Beogh

Shops:
D:9 *   D:12 *   D:13 *   D:14 (   Orc:2 *!=?   Elf:1 ?   Elf:2 *

Annotations:
Elf:1 3 runed translucent doors
Elf:2 3 runed translucent doors


Message History

The tarantella touches you but does no damage.
The redback barely misses you.
In your confused state, you trip and fall back down the stairs.
The redback barely misses you. The tarantella touches you!
You are more confused.
The emperor scorpion stings you. The emperor scorpion claws you.
The emperor scorpion claws you but does no damage.
Unknown command.
Unknown command.
The redback bites you!
The tarantella touches you but does no damage.
The emperor scorpion stings you!
The emperor scorpion claws you but does no damage.
The emperor scorpion barely misses you.
The redback bites you but does no damage.
The tarantella touches you but does no damage.
The redback closely misses you.
In your confused state, you trip and fall back down the stairs.
The emperor scorpion misses you. The emperor scorpion claws you.
The emperor scorpion completely misses you.
The redback barely misses you. The redback closely misses you.
The tarantella touches you but does no damage.
The redback bites you.
* * * LOW HITPOINT WARNING * * *
The emperor scorpion stings you!!
* * * LOW HITPOINT WARNING * * *
The emperor scorpion claws you but does no damage.
The emperor scorpion claws you.
* * * LOW HITPOINT WARNING * * *
Unknown command.
You feel better. You block the redback's attack. x2
The tarantella touches you but does no damage.
The redback bites you.
* * * LOW HITPOINT WARNING * * *
You are lethally poisoned!
The redback poisons you!
The redback bites you but does no damage.
The tarantella closely misses you. The redback barely misses you.
The redback closely misses you. The emperor scorpion stings you!
You die...

#.... !.....
#. .. .. ^.#.
#.... ...#..
#..#. .#...#.
#....#^..#.^#
....)...#..
#.ss......
#.@s.#
#...s.s....#
#...^.#..#...
##.##...... .
## ##. ..^.#
#######


You could see an emperor scorpion, a tarantella and 3 redbacks.

Vanquished Creatures
  Saint Roka (Orc:2)
  Jorgrun (D:12)
  Rupert (Lair:6)
  A rockslime (IceCv)
  A deep elf sorcerer (Elf:1)
  3 azure jellies (IceCv)
  5 emperor scorpions
  A ghost moth (Spider:3)
  3 quicksilver oozes (IceCv)
  2 broodmothers
  4 entropy weavers
  Azrael (D:12)
  2 dire elephants (Lair:6)
  A minotaur (Gauntlet)
  A spark wasp (Spider:1)
  2 deep elf death magi
  3 rakshasas
  7 hydras
  4 vault guards (D:13)
  5 boulder beetles
  A catoblepas (D:14)
  An ogre mage (D:13)
  6 two-headed ogres
  2 centaur warriors
  2 radroaches (Spider:3)
  7 dancing weapons
  An anaconda (Lair:6)
  3 tengu warriors
  3 orc high priests (Orc:2)
  A sun demon (Volcano)
  Urug (D:11)
  3 pharaoh ants
  11 deep elf knights
  2 spectral death yaks (Lair:6)
  A skeletal warrior (D:12)
  The ghost of pokeman the Thaumaturge, a novice DEWz of Vehumet (D:9)
  Amaemon (D:9)
  A spectral anaconda (Lair:6)
  A sea snake (shapeshifter) (D:15)
  2 orange crystal statues
  4 steelbarb worms
  4 orb spiders
  3 wizards
  2 glowing orange brains
  An obsidian statue (Lair:6)
  6 deep elf archers (Elf:1)
  18 deep elf zephyrmancers
  10 wolf spiders
  3 necromancers (Lair:6)
  7 orc sorcerers
  15 ugly things
  8 orc knights
  16 deep elf pyromancers
  4 cyclopes
  A worldbinder (Gauntlet)
  2 manticores
  17 elephants
  5 black mambas
  A dire elephant zombie (Lair:6)
  A molten gargoyle (Volcano)
  Maggie (Lair:1)
  2 ice statues (D:14)
  2 torpor snails
  4 gargoyles
  An orange demon (D:9)
  9 cane toads
  An unseen horror (D:12)
  4 rime drakes
  A komodo dragon (shapeshifter) (D:15)
  An efreet (D:12)
  4 demonic crawlers
  3 freezing wraiths
  5 komodo dragons
  2 yaktaurs (D:13)
  2 tengu conjurers (D:15)
  3 very ugly thing simulacra (IceCv)
  3 entropy weaver simulacra (IceCv)
  A queen bee (D:10)
  A red devil (Volcano)
  9 trolls
  3 meliai (D:14)
  A merfolk (Lair:4)
  A wolf spider simulacrum (D:15)
  A polar bear (Lair:5)
  16 tarantellas
  26 blink frogs
  37 slime creatures
  7 dream sheep
  A spectral elephant (Lair:6)
  6 jumping spiders
  3 vampires
  Sigmund (D:2)
  A shadow (D:12)
  4 wyverns
  3 wraiths (D:12)
  7 basilisks
  15 culicivoras
  3 water elementals
  46 yaks
  4 fire elementals
  26 redbacks
  5 fire bats (Volcano)
  5 vampire mosquitoes
  4 wargs
  2 acid dragons (D:12)
  A spectral cane toad (Lair:6)
  9 water moccasins
  A demonic crawler simulacrum (IceCv)
  4 hell hounds
  3 ice beasts (D:9)
  Pargi (Sewer)
  34 orc warriors
  An elephant zombie (Lair:6)
  4 ugly thing simulacra (IceCv)
  5 black bears
  5 ogres
  3 boggarts (Gauntlet)
  17 wolves
  11 centaurs
  2 elephant skeletons (Lair:6)
  3 kobold brigands
  14 bullfrogs
  An earth elemental (D:13)
  2 gnoll sergeants
  4 necrophages
  A cane toad simulacrum (Lair:6)
  A scorpion (D:6)
  12 wights
  An elephant simulacrum (Lair:6)
  28 killer bees
  7 vampire bats (Bailey)
  An electric eel (Spider:2)
  4 howler monkeys
  6 wolf zombies (Bailey)
  8 lava snakes
  16 orc priests
  A hound (D:5)
  2 jellies
  21 orc wizards
  Natasha (twice) (D:2)
  8 gnolls
  8 adders
  5 white imps
  A howler monkey simulacrum (D:9)
  A worm (D:3)
  4 dart slugs
  63 orcs
  10 bats
  4 endoplasms
  4 giant cockroaches (D:5)
  9 goblins
  5 hobgoblins
  6 jackals
  8 quokkas
  7 ball pythons
  2 frilled lizards
  22 kobolds
  17 orc zombies (Bailey)
  3 rats
  A bush (Lair:3)
939 creatures vanquished.

Vanquished Creatures (collateral kills)
  A deep elf zephyrmancer (Elf:1)
  An orc knight (D:15)
  A bullfrog (D:5)
  3 killer bees (D:10)
  3 orcs
  A jackal (D:5)
10 creatures vanquished.

Vanquished Creatures (others)
  A killer bee (D:10)
  13 demonic plants (Gauntlet)
  30 fungi
  39 plants
  33 withered plants (Lair:6)
116 creatures vanquished.

Grand Total: 1065 creatures vanquished

Notes
Turn   | Place    | Note
-------+----------+-------------------------------------------
     0 | D:1      | pokeman the Deep Elf Hedge Wizard began the quest for the
                  | Orb.
     0 | D:1      | Reached XP level 1. HP: 10/10 MP: 7/7
   197 | D:1      | Reached XP level 2. HP: 12/16 MP: 0/9
   716 | D:1      | Reached skill level 5 in Spellcasting
   970 | D:1      | Reached XP level 3. HP: 20/20 MP: 3/11
   978 | D:1      | Learned a level 3 spell: Mephitic Cloud
   981 | D:1      | Learned a level 2 spell: Call Imp
   984 | D:1      | Learned a level 2 spell: Blink
   988 | D:1      | Learned a level 3 spell: Conjure Flame
  1223 | D:1      | Found a faded altar of an unknown god.
  1520 | D:2      | Noticed Natasha
  1535 | D:2      | Killed Natasha
  1536 | D:2      | Reached skill level 1 in Fighting
  1536 | D:2      | Reached skill level 1 in Armour
  1627 | D:2      | Noticed Sigmund
  1639 | D:2      | Killed Sigmund
  1640 | D:2      | Reached XP level 4. HP: 25/25 MP: 3/13
  1640 | D:2      | Reached XP level 5. HP: 29/29 MP: 3/14
  2014 | D:2      | Reached skill level 5 in Conjurations
  2283 | D:2      | Identified the +11 hunting sling "Roshyplimo" {flame, rC+}
  2330 | D:2      | Noticed Natasha
  2340 | D:2      | Killed Natasha
  2493 | D:2      | Identified the -4 pair of boots "Ufidwis" {Int+4}
  2721 | D:3      | Reached XP level 6. HP: 21/34 MP: 9/16
  3513 | D:4      | Reached skill level 6 in Spellcasting
  3513 | D:4      | Reached skill level 1 in Fire Magic
  3782 | D:4      | Found a basalt altar of Yredelemnul.
  3783 | D:4      | Found a shimmering blue altar of Sif Muna.
  4214 | D:5      | Entered Level 5 of the Dungeon
  4279 | D:5      | Reached skill level 1 in Air Magic
  4308 | D:5      | Reached XP level 7. HP: 10/38 MP: 8/19
  4418 | D:5      | Reached skill level 7 in Spellcasting
  4418 | D:5      | Reached skill level 1 in Poison Magic
  4425 | D:5      | Reached skill level 1 in Evocations
  4474 | D:5      | Found a staircase to the Ecumenical Temple.
  4483 | Temple   | Entered the Ecumenical Temple
  4537 | Temple   | Became a worshipper of Vehumet
  4583 | D:5      | Found a glowing drain.
  4593 | Sewer    | Entered a sewer
  4650 | Sewer    | Noticed Pargi
  4658 | Sewer    | Killed Pargi
  4805 | D:5      | Reached skill level 8 in Spellcasting
  5391 | D:6      | Reached XP level 8. HP: 44/44 MP: 22/22
  5458 | D:6      | Reached * piety under Vehumet
  5458 | D:6      | Offered knowledge of Shock by Vehumet.
  5889 | D:6      | Reached skill level 9 in Spellcasting
  6455 | D:7      | Reached skill level 10 in Spellcasting
  6459 | D:7      | HP: 2/66 [poisoned by a killer bee]
  6668 | D:7      | Noticed a brown ugly thing
  6757 | D:7      | Found an iron altar of Okawaru.
  6788 | D:7      | Killed a brown ugly thing
  6789 | D:7      | Reached XP level 9. HP: 48/48 MP: 25/25
  7276 | D:8      | Found a flagged portal.
  7291 | Bailey   | Entered a bailey
  7362 | Bailey   | Offered knowledge of Searing Ray by Vehumet.
  7367 | Bailey   | Reached ** piety under Vehumet
  7400 | Bailey   | Reached skill level 11 in Spellcasting
  7403 | Bailey   | Reached skill level 5 in Fire Magic
  7727 | Bailey   | Noticed a gargoyle
  7736 | Bailey   | Killed a gargoyle
  7794 | Bailey   | Identified the +1 robe of Decompression {Harm Rampage}
  7797 | Bailey   | Identified the +1 pair of gloves of Apathy {rF+ Int+5}
  7811 | Bailey   | Got the Volume of Mutagenic Evil Arts
  8253 | D:8      | Offered knowledge of Stone Arrow by Vehumet.
  8258 | D:8      | Learned a level 3 spell: Stone Arrow
  8314 | D:8      | Reached skill level 12 in Spellcasting
  8432 | D:8      | Reached skill level 1 in Ice Magic
  8449 | D:8      | Reached XP level 10. HP: 56/56 MP: 28/28
  8499 | D:8      | Found a staircase to the Lair.
  8511 | D:8      | Reached skill level 1 in Earth Magic
  8596 | D:8      | Learned a level 1 spell: Pain
  8665 | D:8      | Noticed a two-headed ogre
  8679 | D:8      | Reached *** piety under Vehumet
  8685 | D:8      | Killed a two-headed ogre
  8686 | D:8      | Reached skill level 1 in Necromancy
  9032 | D:9      | Found a runed translucent gate.
  9032 | D:9      | Found a runed translucent gate.
  9033 | D:9      | Found a runed translucent gate.
  9138 | D:9      | Offered knowledge of Hailstorm by Vehumet.
  9285 | D:9      | Found a staircase to the Orcish Mines.
  9325 | D:9      | Noticed an orange demon
  9339 | D:9      | Killed an orange demon
  9340 | D:9      | Reached skill level 13 in Spellcasting
  9759 | D:9      | Noticed pokeman's ghost (novice DEWz)
  9913 | D:9      | Noticed Amaemon
  9937 | D:9      | Killed Amaemon
 10073 | D:9      | Identified the +1 spear of Walaops {venom, rElec rC+}
 10136 | D:9      | Found Dogabug's General Store.
 10140 | D:9      | Bought a scroll of identify for 26 gold pieces
 10140 | D:9      | Bought a scroll of magic mapping for 45 gold pieces
 10140 | D:9      | Bought a potion of curing for 39 gold pieces
 11021 | D:9      | Reached **** piety under Vehumet
 11047 | D:9      | Killed pokeman's ghost
 11348 | D:10     | Entered Level 10 of the Dungeon
 11424 | D:10     | Offered knowledge of Dazzling Flash by Vehumet.
 11425 | D:10     | Reached skill level 14 in Spellcasting
 11425 | D:10     | Reached XP level 11. HP: 61/61 MP: 31/31
 11430 | D:10     | Noticed a two-headed ogre
 11441 | D:10     | Killed a two-headed ogre
 11620 | D:10     | Reached skill level 1 in Shields
 11949 | D:10     | Upgraded the game from 0.29-a0-364-g921d912d32 to
                  | 0.29-a0-369-gd956c00756
 11955 | D:10     | Learned a level 5 spell: Lightning Bolt
 12037 | D:10     | Learned a level 3 spell: Swiftness
 12470 | D:10     | Reached ***** piety under Vehumet
 12536 | D:11     | Found a gate leading to a gauntlet.
 12541 | Gauntlet | Entered a Gauntlet
 12541 | Gauntlet | Found a transporter.
 12541 | Gauntlet | Found a transporter.
 12541 | Gauntlet | Found a runed translucent door.
 12541 | Gauntlet | Found a runed translucent door.
 12544 | Gauntlet | Found a transporter.
 12545 | Gauntlet | Found a transporter.
 12547 | Gauntlet | Found a transporter.
 12575 | Gauntlet | Noticed a glowing orange brain
 12577 | Gauntlet | Noticed a green ugly thing
 12579 | Gauntlet | Found a transporter.
 12582 | Gauntlet | Found a transporter.
 12582 | Gauntlet | Found a transporter.
 12584 | Gauntlet | Noticed a death drake
 12585 | Gauntlet | Noticed a wizard
 12595 | Gauntlet | Found a transporter.
 12611 | Gauntlet | Found a transporter.
 12611 | Gauntlet | Noticed a wizard
 12633 | Gauntlet | Found a transporter.
 12634 | Gauntlet | Noticed a dire elephant
 12638 | Gauntlet | Found a transporter.
 12682 | Gauntlet | Found a transporter.
 12696 | Gauntlet | Found a transporter.
 12757 | Gauntlet | Noticed a sea snake
 12758 | Gauntlet | a sea snake changed into a dream sheep
 12788 | Gauntlet | Offered knowledge of Fireball by Vehumet.
 12790 | Gauntlet | Identified the +5 halberd of Plog {drain, +Blink rC+}
 12851 | Gauntlet | Noticed a swamp dragon
 12853 | Gauntlet | Killed a glowing orange brain
 12854 | Gauntlet | Reached skill level 15 in Spellcasting
 12870 | Gauntlet | Killed a green ugly thing
 12871 | Gauntlet | Reached skill level 10 in Conjurations
 13037 | Gauntlet | Identified the ring "Pegheit" {rElec Will+++ Int+6 Dex-5
                  | Stlth+}
 13129 | Gauntlet | Noticed a minotaur
 13136 | Gauntlet | Killed a minotaur
 13137 | Gauntlet | Reached skill level 5 in Necromancy
 13143 | Gauntlet | Learned a level 5 spell: Fireball
 13387 | D:11     | Noticed Urug
 13396 | D:11     | Killed Urug
 13856 | D:11     | Noticed an eight-headed hydra
 13860 | D:11     | Killed an eight-headed hydra
 14030 | D:11     | Noticed a two-headed ogre
 14033 | D:11     | Killed a two-headed ogre
 14148 | D:11     | Reached skill level 16 in Spellcasting
 14148 | D:11     | Reached XP level 12. HP: 66/66 MP: 31/34
 14510 | D:12     | Noticed a seven-headed hydra
 14511 | D:12     | Noticed an eight-headed hydra
 14513 | D:12     | Killed a seven-headed hydra
 14522 | D:12     | Killed an eight-headed hydra
 14535 | D:12     | Noticed a seven-headed hydra
 14541 | D:12     | Killed a seven-headed hydra
 14542 | D:12     | Reached skill level 5 in Summonings
 14566 | D:12     | Noticed a two-headed ogre
 14805 | D:12     | Killed a two-headed ogre
 14807 | D:12     | Noticed a rakshasa
 14941 | D:12     | Noticed a rakshasa
 14949 | D:12     | Killed a rakshasa
 14950 | D:12     | Reached skill level 17 in Spellcasting
 15105 | D:12     | Noticed a centaur warrior
 15110 | D:12     | Killed a centaur warrior
 15460 | D:12     | Noticed a six-headed hydra
 15793 | D:12     | Killed a rakshasa
 15794 | D:12     | Reached skill level 5 in Shields
 15914 | D:12     | Killed a six-headed hydra
 16168 | D:12     | Noticed Jorgrun
 16174 | D:12     | Killed Jorgrun
 16175 | D:12     | Reached skill level 18 in Spellcasting
 16175 | D:12     | Reached XP level 13. HP: 46/70 MP: 15/37
 16229 | D:12     | Noticed Azrael
 16496 | Lair:1   | Entered Level 1 of the Lair of Beasts
 17161 | Lair:1   | Noticed Maggie
 17165 | Lair:1   | Killed Maggie
 17562 | Lair:2   | Found a dark tunnel.
 17571 | Volcano  | Entered a volcano
 17804 | Volcano  | Found a burning altar of Makhleb.
 17820 | Volcano  | Offered knowledge of Iskenderun's Mystic Blast by Vehumet.
 17880 | Volcano  | Reached skill level 5 in Fighting
 17932 | Volcano  | Learned a level 7 spell: Haunt
 18335 | Lair:2   | Reached skill level 19 in Spellcasting
 18462 | Lair:2   | Found a hide-covered altar of Uskayaw.
 18831 | Lair:2   | Identified the +8 glaive of the Shouting Spider {antimagic,
                  | *Corrode Dex+5}
 20046 | Lair:3   | Reached skill level 5 in Armour
 20249 | Lair:3   | Found a hole to the Spider Nest.
 20819 | Lair:4   | Reached XP level 14. HP: 78/78 MP: 34/39
 21373 | Lair:4   | Reached skill level 20 in Spellcasting
 21686 | Lair:4   | Found a staircase to the Shoals.
 22276 | Lair:5   | Found a staircase to the Slime Pits.
 23056 | Lair:6   | Entered Level 6 of the Lair of Beasts
 23180 | Lair:6   | Offered knowledge of Starburst by Vehumet.
 23684 | Lair:6   | Noticed Rupert
 23690 | Lair:6   | Killed Rupert
 24109 | Lair:6   | Identified the ring "Kiel Me Serch" {rElec rF+ rN+ Will+
                  | Dex-4}
 24289 | Lair:6   | Reached skill level 21 in Spellcasting
 25193 | Lair:6   | Offered knowledge of Freezing Cloud by Vehumet.
 25200 | Lair:6   | Learned a level 5 spell: Freezing Cloud
 26212 | D:12     | Killed Azrael
 26213 | D:12     | Reached XP level 15. HP: 63/84 MP: 13/42
 26949 | D:12     | Found Jofrauc's General Store.
 26953 | D:12     | Bought a potion of heal wounds for 55 gold pieces
 27361 | D:13     | Found Qatoloan's Pet Rocks.
 27906 | D:13     | Reached skill level 22 in Spellcasting
 28042 | D:13     | Found a gate to the Vaults.
 28288 | D:14     | Found a frozen archway.
 28300 | IceCv    | Entered an ice cave
 28872 | IceCv    | Offered knowledge of Eringya's Noxious Bog by Vehumet.
 29025 | IceCv    | Noticed an azure jelly
 29027 | IceCv    | Killed an azure jelly
 29027 | IceCv    | Noticed an azure jelly
 29030 | IceCv    | Killed an azure jelly
 29031 | IceCv    | Noticed an azure jelly
 29033 | IceCv    | Killed an azure jelly
 29034 | IceCv    | Noticed a rockslime
 29063 | IceCv    | Killed a rockslime
 29206 | IceCv    | Found a viscous altar of Jiyva.
 29227 | IceCv    | Got Cell's Papyrus of Cold
 29228 | IceCv    | Identified the amulet "Tumy" {Reflect rC+ Dex+3 SH+5}
 29831 | D:14     | Found Winwupp's Antique Weapon Shop.
 30612 | Orc:1    | Entered Level 1 of the Orcish Mines
 30977 | Orc:2    | Entered Level 2 of the Orcish Mines
 30989 | Orc:2    | Reached skill level 23 in Spellcasting
 31484 | Orc:2    | Reached XP level 16. HP: 92/92 MP: 43/45
 31708 | Orc:2    | Reached ****** piety under Vehumet
 31858 | Orc:2    | Reached skill level 15 in Conjurations
 32314 | Orc:2    | Noticed Saint Roka
 32438 | Orc:2    | Killed Saint Roka
 32594 | Orc:2    | Found Molowariu's Magic Scroll Boutique.
 32599 | Orc:2    | Found Nineg's Distillery.
 32638 | Orc:2    | Found Taokhleb's General Store.
 32642 | Orc:2    | Found Gooroijo's Jewellery Boutique.
 32648 | Orc:2    | Bought a scroll of magic mapping for 45 gold pieces
 32682 | Orc:2    | Found a staircase to the Elven Halls.
 32974 | Elf:1    | Entered Level 1 of the Elven Halls
 32980 | Elf:1    | Reached skill level 10 in Summonings
 32984 | Elf:1    | Offered knowledge of Lee's Rapid Deconstruction by Vehumet.
 33789 | Elf:1    | Reached skill level 24 in Spellcasting
 33948 | Elf:1    | Found Baklupsa's Magic Scroll Shop.
 34027 | Elf:1    | Bought 3 scrolls of magic mapping for 115 gold pieces
 34027 | Elf:1    | Bought a scroll of acquirement for 572 gold pieces
 34027 | Elf:1    | Bought a scroll of blinking for 82 gold pieces
 34030 | Elf:1    | Acquired 677 gold pieces
 34130 | Elf:1    | Found a runed translucent gate.
 34130 | Elf:1    | Found a runed translucent gate.
 34130 | Elf:1    | Found a runed translucent gate.
 34234 | Elf:1    | Reached skill level 10 in Necromancy
 35196 | Elf:2    | Found Yxout's Neck Hole.
 35429 | Elf:2    | Found a runed translucent gate.
 35429 | Elf:2    | Found a runed translucent gate.
 35435 | Elf:2    | Found a runed translucent gate.
 35658 | D:15     | Entered Level 15 of the Dungeon
 36144 | D:15     | Offered knowledge of Orb of Destruction by Vehumet.
 36158 | D:15     | Learned a level 7 spell: Orb of Destruction
 36537 | D:15     | Reached XP level 17. HP: 97/97 MP: 32/47
 36695 | D:15     | Found a staircase to the Depths.
 37112 | Spider:1 | Entered Level 1 of the Spider Nest
 37570 | Spider:1 | Reached skill level 25 in Spellcasting
 38347 | Spider:2 | Offered knowledge of Fire Storm by Vehumet.
 38347 | Spider:2 | Offered knowledge of Shatter by Vehumet.
 38347 | Spider:2 | Offered knowledge of Ignition by Vehumet.
 38510 | Spider:1 | Learned a level 9 spell: Fire Storm
 41074 | Spider:4 | Entered Level 4 of the Spider Nest
 41342 | Spider:4 | Mangled by an emperor scorpion

Illustrated notes

Levels and vault maps discovered:
D:1:      lemuel_arrival_muddy, layout_basic,
          dreamdust_ecumenical_altar_angels_and_demons,
          minmay_misc_feat_more_columns
D:2:      minmay_door_path, layout_basic, uniq_natasha, uniq_sigmund
D:3:      layout_rooms, minivault_23
D:4:      layout_cave_pods, mainiacjoe_overflow_divided_tiny
D:5:      layout_cave_pools, minmay_temple_entry_gardened_gates,
          portal_sewer_entry_f
D:6:      layout_gridville
D:7:      layout_basic, kennysheep_flooded_box
D:8:      layout_basic, grunt_lair_entry_orc_guard_hut, enter_bailey_5
D:9:      layout_layer_cave, david_orc_2, gammafunk_ghost_icy, serial_shops,
          kennysheep_little_box, minmay_fractal_squares_gapless_5, uniq_amaemon
D:10:     layout_roguey [special_room_bee], serial_park_tiny_1,
          minmay_misc_feat_ornament
D:11:     layout_loops_corners, gauntlet_entry_generic, uniq_urug
D:12:     minmay_the_grid_net [minmay_the_grid_empty,
          minmay_the_grid_outer_diamond, minmay_the_grid_plusring,
          minmay_the_grid_pillar_ring, minmay_the_grid_zigzag_pyramid,
          minmay_the_grid_prize_four_corners], layout_long_grid, serial_shops,
          nicolae_shop_trees, uniq_jorgrun, uniq_azrael
D:13:     layout_roguey, grunt_vaults_entry_fortified, nrook_pool_corridor,
          guppyfry_shop_earth
D:14:     layout_loops_corners, serial_shops, shop, minmay_staircase_bubble,
          portal_ice_cave_entry_ice_statue_two
D:15:     gammafunk_enter_depths_forms, layout_basic, hex_intersection
Temple:   mainiacjoe_temple_cubbyholes
Lair:1:   layout_long_grid, grunt_megastairs_3, lemuel_fruit_tree, uniq_maggie
Lair:2:   layout_layer_cave, lightli_volcano_entry_magma_tube, basic_altar
Lair:3:   layout_chaotic_city, spider_nest_entry_webs,
          chequers_serial_rivers_small_b, grunt_megastairs_1,
          serial_bayou_shore_a
Lair:4:   layout_gridlike, elwin_shoals_entry_rooms, grunt_megastairs_2
Lair:5:   layout_hall_layers, minmay_slime_entry_oklob_open, disabler_island,
          grunt_megastairs_4
Lair:6:   due_jungle_book, layout_small_grid, uniq_rupert
Spider:1: layout_spider_delve
Spider:2: layout_spider_delve, hellmonk_spider_spawner
Spider:3: layout_spider_delve, drop_trap
Spider:4: grunt_spider_rune_circles, guppyfry_hornet_nest
Orc:1:    layout_caves
Orc:2:    st_orc_elflike, layout_caves, basic_altar, uniq_saint_roka
Elf:1:    eino_elf_arrival_shootout, layout_loops_corners, serial_shops,
          nicolae_shop_hallway_plus, hangedman_corner_corridor,
          nicolae_elf_hall_of_bonks
Elf:2:    elven_hall_of_blades_hangedman_original
          [nicolae_vaults_blade_armed_guards], layout_geoelf_grid,
          nicolae_shop_sticking_my_neck_out, lemuel_upstairs_altar

Skill      XL: |  1  2  3  4  5  6  7  8  9 10 11 12 13 14 15 16 17 |
---------------+----------------------------------------------------+-----
Spellcasting   | 5 6 8 10 12 14 16 18 19 21 23 24 25 | 25.7
Fighting       | 1 2 3 4 5 7 8 |  8.0
Armour         | 1 3 4 5 6 7 |  7.9
Conjurations   | 4 5 6 7 8 9 10 11 12 13 14 15 16 | 16.5
Fire Magic     | 1 2 4 5 6 7 |  7.2
Dodging        | 3 |  3.0
Air Magic      | 1 |  1.0
Stealth        | 3 |  3.0
Poison Magic   | 1 |  1.1
Evocations     | 1 |  1.0
Ice Magic      | 1 |  1.3
Earth Magic    | 1 |  1.0
Necromancy     | 2 5 7 8 9 10 11 | 11.0
Summonings     | 3 4 6 7 8 9 10 | 10.2
Translocations | 2 |  2.0
Shields        | 3 5 |  5.1

Action                   |  1- 3 |  4- 6 |  7- 9 | 10-12 | 13-15 | 16-18 || total
-------------------------+-------+-------+-------+-------+-------+-------++-------
Melee: Dagger            |     5 |     4 |       |       |       |       ||     9
       Staff             |       |       |       |       |     6 |     1 ||     7
 Fire: Hunting sling     |       |    45 |   245 |   232 |       |       ||   522
 Cast: Magic Dart        |    80 |    49 |    19 |     3 |       |       ||   151
       Mephitic Cloud    |     2 |     3 |    11 |    26 |     1 |     5 ||    48
       Conjure Flame     |     1 |     1 |    22 |    26 |     3 |       ||    53
       Call Imp          |       |       |     3 |     4 |     1 |       ||     8
       Blink             |       |       |     3 |     4 |     1 |     5 ||    13
       Stone Arrow       |       |       |       |    27 |   105 |    18 ||   150
       Fireball          |       |       |       |   113 |   482 |   347 ||   942
       Lightning Bolt    |       |       |       |    16 |    23 |     4 ||    43
       Freezing Cloud    |       |       |       |       |     4 |     6 ||    10
       Haunt             |       |       |       |       |       |     2 ||     2
       Orb of Destructio |       |       |       |       |       |    27 ||    27
Evoke: Wand              |       |       |     5 |       |     4 |     6 ||    15
  Use: Potion            |       |       |     3 |       |       |     3 ||     6
       Scroll            |       |       |    17 |     7 |     5 |     2 ||    31
 Stab: Sleeping          |     3 |       |       |       |       |       ||     3
Armor: Leather armour    |     1 |     9 |    31 |    30 |       |       ||    71
       Skin              |       |       |     1 |       |       |       ||     1
       Troll leather arm |       |       |       |       |    22 |    27 ||    49
Dodge: Dodged            |    14 |    25 |   108 |    71 |    30 |    41 ||   289
Block: Other             |       |       |       |    17 |       |       ||    17
       Reflection        |       |       |       |     4 |     4 |     3 ||    11
       Buckler           |       |       |       |       |    44 |    24 ||    68

Table legend: (Time is in decaauts)
 A = Elapsed time spent in this place.
 B = Non-inter-level travel time spent in this place.
 C = Inter-level travel time spent in this place.
 D = Time resting spent in this place.
 E = Time spent auto-exploring this place.
 F = Levels seen in this place.
 G = Mean time per level.
                   A        B        C        D        E       F      G
               +--------+--------+--------+--------+--------+-----+--------+
         Total |  41752 |  38736 |   3016 |   6621 |  25871 |  35 | 1192.9 |
       Dungeon |  20050 |  18354 |   1696 |   2590 |  12980 |  15 | 1336.7 |
        Temple |    217 |    172 |     45 |      0 |      0 |   1 |  217.0 |
          Lair |   9245 |   8538 |    707 |    940 |   6651 |   6 | 1540.8 |
   Spider Nest |   4236 |   3927 |    309 |   1073 |   2432 |   4 | 1059.0 |
  Orcish Mines |   2405 |   2286 |    119 |    889 |   1087 |   2 | 1202.5 |
   Elven Halls |   2551 |   2414 |    137 |    353 |   1761 |   2 | 1275.5 |
         Sewer |    167 |    167 |      0 |      0 |    135 |   1 |  167.0 |
        Bailey |    769 |    769 |      0 |    222 |    192 |   1 |  769.0 |
      Ice Cave |   1094 |   1094 |      0 |    317 |    541 |   1 | 1094.0 |
       Volcano |    403 |    403 |      0 |     84 |     91 |   1 |  403.0 |
      Gauntlet |    611 |    611 |      0 |    153 |      0 |   1 |  611.0 |
               +--------+--------+--------+--------+--------+-----+--------+

Top non-repeatable levels by time:
  Lair:6: 2767 daAuts
    D:11: 2759 daAuts
     D:9: 2391 daAuts
Spider:3: 2091 daAuts
   Elf:1: 1997 daAuts
  Lair:3: 1644 daAuts
  Lair:2: 1495 daAuts
     D:1: 1484 daAuts
    D:12: 1479 daAuts
   Orc:1: 1469 daAuts
Spider:1: 1418 daAuts
    D:10: 1327 daAuts
    D:13: 1299 daAuts
     D:8: 1260 daAuts
    D:15: 1227 daAuts
